[Event "44th Chess Olympiad Open 2022"]
[Site "Chennai"]
[Date "2022.08.01"]
[Round "4.12"]
[White "Quesada Perez, Yasser"]
[Black "Erdos, Viktor"]
[Result "1-0"]
[WhiteElo "2568"]
[BlackElo "2586"]
[Annotator "TA"]
[PlyCount "89"]
[EventDate "2022.??.??"]
[TimeControl "60"]

1. e4 e5 2. Nf3 Nc6 3. Bc4 Nf6 4. d4 exd4 5. e5 d5 6. Bb5 Ne4 7. Nxd4 Bd7 8. Bxc6 bxc6 9. O-O Be7 10.
f3 Nc5 11. f4 O-O 12. f5 Ne4 13. Nc3 {[%emt 0:00:13]
Strongly threatening Nxe4. C56: Two Knights: 4 d4 exd4 5 0-0 Nxe4.} Bc5 {
[%emt 0:07:45] 13...Bc5 is better than 13...Nxc3.} 14. Nxe4 dxe4 15. Kh1 {[%emt 0:00:04] Black should prevent Nb3. The
position is equal.} Re8 16. e6 fxe6 17. f6 gxf6 {[%emt 0:01:06] White must now prevent ...
f5.} 18. Qg4+ Kh8 19. Qxe4 e5 20. Nxc6 f5 21. Qd5 Bxc6 22. Qxc6 Qd6 23. Qxd6 cxd6 24. Rxf5 Rf8 25. g4 Rxf5 26. gxf5 $11 {[%emt 0:00:05] Endgame KRB-KRB} Rf8 27. Bd2 Rxf5 28. b4 {[%emt 0:00:04] [#]} Bb6 $146 (28... Bd4 $5 29. c3 Bb6 $11) ({Predecessor:} 
28... Bd4 29. c3 Bb6 30. a4 a5 31. Rd1 {½-½ (31) Hohlbein,M (2271)-Boos,M 
(2419) ICCF email 2019}) 29. a4 e4 30. c4 (30. a5 $1 $14 Bd4 31. c3) 30... Bd4 31. Re1 Rf2 32. Bg5 Be5 33. Rxe4 Rxh2+ 34. Kg1 Ra2 $1 35. c5 {[%emt 0:12:00][%cal Yc4c5,Yc5c6] [#] aiming
for c6.} Rxa4 $2 {[%emt 0:00:38] Black cannot hold the game after this.} (35...
Bh2+ $11 {and Black stays safe.} 36. Kh1 dxc5) 36. c6 $18 {[%emt 0:00:55] And
now c7 would win.} Ra1+ $2 (36... Ra2 37. Rc4 Bh2+ 38. Kf1 d5)
37. Kf2 {[%emt 0:01:32] Threatens to win with c7.} Ra2+ (37...
Ra3 $142 38. Rc4 Bg3+ 39. Ke2 d5) 38. Re2 Ra3 39. Rc2 {[%emt 0:05:19] White wants to mate with c7.} Rh3 $2 (
39... Bg3+ 40. Ke2 d5) 40. Rc1 {[%emt 0:04:43] Threatening mate with c7. White
is clearly winning.} d5 {[%emt 0:00:39] [#]} 41. Bf6+ $1 {[%emt 0:31:29]
Deflection} Bxf6 42. c7 Bh4+ 43. Ke2 Rh2+ 44. Kf3 Rf2+ 45. Kg4 {[%emt 0:00:00] Weighted Error Value: White=0.05 
(flawless) /Black=0.33} 1-0

[Event "44th Chess Olympiad Open 2022"]
[Site "Chennai"]
[Date "2022.08.01"]
[Round "4.12"]
[White "Ortiz Suarez, Isan Reynaldo"]
[Black "Banusz, Tamas"]
[Result "1/2-1/2"]
[WhiteElo "2526"]
[BlackElo "2611"]
[Annotator "TA"]
[PlyCount "105"]
[EventDate "2022.??.??"]
[TimeControl "60"]

1. Nf3 Nf6 2. d4 d5 3. c4 e6 4. Nc3 a6 5. cxd5 exd5 6.
Bg5 {[%emt 0:00:27][%cal Yc1g5,Yg5h4,Yh4g3] D37: Queen's Gambit Declined: 5
Bf4.} Be6 7. e3 Nbd7 8. Bd3
{[%emt 0:01:46] White has an edge.} c6 9. Qc2 Bd6 10. Bh4 h6 11. Bg3 Qc7 12. O-O O-O 13. b4 {[%emt 0:01:53] [#]} Rfc8 $146 ({Predecessor:} 
13... Nh5 14. Bxd6 Qxd6 15. Rab1 g6 16. a4 Bg4 17. Nd2 Ng7 18. e4 dxe4 19.
Ncxe4 Qxd4 {0-1 (57) Mendonca,L (2530)-Unuk,L (2346) Sitges 2020}) 14. Rfc1 Bxg3 15. hxg3 a5 16. Qb2 axb4 17. Qxb4 c5 18. dxc5 Qxc5 19. Qd4 ({Avoid the trap} 19. Qxb7 $2 Rcb8 20. Qxb8+ Rxb8 $19) 19...
Qxd4 (19... Qa3 {seems wilder.} 20. Nd2 Nb8 21. Nb3 Nc6) 20.
Nxd4 Nc5 21. Bc2 Bd7 22. Rab1 Ne6 23. Nde2 Nc5 24. Rd1 Be6 25. f3 Ra3 26. Rbc1 b5 27. Nxb5 Rxa2 28. Ned4 Bd7 29. Nd6 Rb8 30. Bb1 Rab2 31. Bf5 Nb3 32. Nxb3 Bxf5 33. Nxf5 R2xb3 34. Rc7 Rb1 35. Rxb1 Rxb1+ $11 {[%emt 0:00:01] Endgame KRN-KRN}
36. Kh2 Rb8 37. g4 Rd8 38. Kg3 Kf8 39. Ra7 Ne8 40. Kf4 Nd6 $1 {[%emt 0:00:00]
The position is equal.} 41. Nxd6 Rxd6 {[%emt 0:30:04] KR-KR}
42. Ke5 Rb6 43. Ra2 Rb3 44. Kd4 Ke7 45. f4 Ke6 46. Ra6+ Ke7 47.
Ra7+ Ke6 48. Ra6+ Ke7 49. g3 Rb1 50. Ra7+ Kf8 51. Kxd5 Rg1 $1 52. Ra8+ Ke7 53. Ra7+ {[%emt 0:00:00]
Weighted Error Value: White=0.06 (flawless) /Black=0.05 (flawless)} 1/2-1/2

[Event "44th Chess Olympiad Open 2022"]
[Site "Chennai"]
[Date "2022.08.01"]
[Round "4.13"]
[White "Carlsen, Magnus"]
[Black "Batsuren, Dambasuren"]
[Result "1-0"]
[WhiteElo "2864"]
[BlackElo "2518"]
[Annotator "TA"]
[PlyCount "59"]
[EventDate "2022.??.??"]
[TimeControl "60"]

1. Nf3 Nf6 2. c4 e6 3. d4 d5 4. Nc3 Bb4 5. Bg5 h6 6. Bh4 O-O 7. e3 Nbd7 8. cxd5 exd5 9. Bd3 c6 10. O-O Bd6 11.
Qc2 Re8 12. Rfe1 Be7 {
[%emt 0:15:06] D36: Queen's Gambit Declined: Exchange Variation: Main line (5
Bg5 c6 6 Qc2).} 13. Bg3 Nf8 14.
h3 b6 {[%emt 0:07:09] White is slightly better.} 15. e4 dxe4 16. Nxe4 Bb7 17. Ne5 $1 {[%emt 0:01:33] [#] 0x0.0013ba1469addp-1022s more active
pieces.} Ne6 $146 ({Predecessor:} 17... Rc8 18. Nxf6+ Bxf6 19.
Nxf7 Kxf7 20. Bc4+ Ne6 21. Rxe6 Rxe6 22. Re1 Qd5 23. Rxe6 Qxe6 24. Bxe6+ Kxe6 {
1-0 (31) Thorsteins,K (2493)-Kristjansson,O (2245) Reykjavik 1999}) 18. Nxf6+ (18. Nxc6 Bxc6 19. Qxc6 Qxd4 $11) 18... Bxf6 19. Bh7+ ({Weaker is} 19. Nxc6 Qd5 20. Bh7+ Kh8 $15) 19... Kf8 20. Rad1 ({Not} 20. Nxc6 Qd5 21. Be4 Nxd4 22.
Bxd5 Nxc2 23. Rxe8+ Rxe8 $11) 20... Bxe5 (20... Re7 $16) 21.
dxe5 Qe7 {[%emt 0:02:41] [#]} 22. f4 $1 {
[%emt 0:00:20][%cal Yf2f4,Yf4f5] And now Rd6 would win.} c5 $2 {[%emt 0:02:58]
[#] Black cannot hold the game after this.} (22... Rad8 $16 {was worth a try.})
23. f5 $1 $18 Nd4 24. Qf2 Qd7 (24... f6 $142 25. Bg6 Qd7 26. Bxe8 Rxe8) 25. e6 Qc6 26. Be5 {[%emt 0:01:14] Threatens to win with Qg3.
} Rad8 27. Qg3 Ne2+ (27...
Qxg2+ $142 28. Qxg2 Bxg2) 28. Rxe2 Rxd1+ 29.
Kh2 Ke7 30. Bf6+ {[%emt 0:01:24] Weighted
Error Value: White=0.09 (flawless) /Black=0.75} 1-0

[Event "44th Chess Olympiad Open 2022"]
[Site "Chennai"]
[Date "2022.08.01"]
[Round "4.13"]
[White "Hammer, Jon Ludvig"]
[Black "Bilguun, Sumiya"]
[Result "1/2-1/2"]
[WhiteElo "2638"]
[BlackElo "2463"]
[Annotator "TA"]
[PlyCount "76"]
[EventDate "2022.??.??"]
[TimeControl "60"]

1. e4 c5 2. Nf3 d6 3. d4 cxd4 4. Nxd4 Nf6 5. Nc3 a6 6. Be2 e5 7. Nb3 Be7 8. O-O O-O 9. Qd3 b5 {
[%emt 0:09:30][%cal Yb7b5,Yb5b4] B92: Sicilian Najdorf: 6 Be2.} 10. Bg5 Nbd7 11. a4 b4 12. Nd5 {[%emt 0:01:14] [#]} a5 $146 ({Predecessor:} 
12... Nxd5 13. Qxd5 Rb8 14. Bxe7 Qxe7 15. Rfd1 Rb6 16. a5 Nf6 17. Qd3 Rc6 18.
Nd2 Be6 {0-1 (58) Kaliadzich,M (1801)-Gerasimovitch,O (2128) Minsk 2010}) 13.
Nxe7+ Qxe7 14. Qg3 Qe6 15. Bh6 {[%emt 0:07:36][%csl Gh6][%cal Rg3g7] [#]} Ne8 16. Bg5 Nef6 {[%emt 0:00:23] Inhibits Bg4.}
17. Nd2 Ba6 {[%emt 0:08:54] Inhibits Bc4.} 18. Bxa6 $40 {
[%emt 0:02:06] White is up to no good.} Rxa6 19. Bxf6 Nxf6 20. Qd3 d5 21. Rae1 Rd6 22. exd5 Rxd5 23. Qe2 Qc6 24. Nc4 e4 25. b3 Qc7 (25... Rc5 $11) 26. Rd1 $16 Re8 27. Rxd5 (27. h3 $16) 27... Nxd5 $11 28.
Qh5 Qd8 29. g3 {[%emt 0:01:42] [#] Black
must now prevent Rd1.} ({Don't go for} 29. Rd1 $2 Nf4 30. Qg4 (30. Rxd8 $2 Rxd8
31. Qg4 f5 $19) 30... f5 31. Rxd8 Rxd8 $19) 29... g6 30. Qd1 Qa8 31. Re1 Nc3 (31... Rd8 $11) 32. Qd2 ({Better is} 32. Qd7 $1 $14)
32... Rd8 {[%emt 0:01:00] The position is equal.} 33. Qg5 Qd5 34. Qf6 Re8 35. Nd6 Rf8 36. Nc4 Re8 37. Nd6 Rf8 38. Nc4 {[%emt 0:02:37]
Prevents Qd2.} Re8 {[%emt 0:01:42] Weighted Error Value: White=0.09 (flawless)
/Black=0.11 (very precise)} 1/2-1/2

[Event "44th Chess Olympiad Open 2022"]
[Site "Chennai"]
[Date "2022.08.01"]
[Round "4.13"]
[White "Gundavaa, Bayarsaikhan"]
[Black "Tari, Aryan"]
[Result "1/2-1/2"]
[WhiteElo "2503"]
[BlackElo "2672"]
[Annotator "TA"]
[PlyCount "83"]
[EventDate "2022.??.??"]
[TimeControl "60"]

1. d4 Nf6 2. c4 e6 3. g3 d5 4. Nf3 dxc4 5. Bg2 Nbd7 6. O-O c6 {
[%emt 0:00:14] Nowadays more popular than 6...c5.} 7. a4 a5 8. Qc2 {[%emt 0:11:40] E04: Open Catalan: 5 Nf3.} b5 9. axb5 cxb5 10. Ne5 {[%emt 0:00:04]
White is slightly better.} Nd5 11. Nc3 $1 {[%emt 0:01:09]
White is more active.} Nxe5 12. dxe5 Qb6 13. Nxd5 exd5 14. Bxd5 Ra7 15. Qe4 {[%emt 0:05:29] Black must now
prevent Rd1.} (15. Bxc4 $5 bxc4 16. Be3 $16) 15... Bc5 {[%emt 0:03:33] [#]} 16.
Bc6+ $1 Bd7 17. Bxd7+ Rxd7 {
[%emt 0:00:27] [#]} 18. Qg4 $146 (18. Qa8+ $14 Rd8 19. Qxa5) (
{Predecessor:} 18. Qa8+ Rd8 19. Qxa5 Qc6 20. Qa6 Qxa6 21. Rxa6 Kd7 22. Be3 Bxe3
23. fxe3 Rhf8 24. Rb6 {½-½ (50) Nguyen,T (2612)-Nihal,S (2646) Jermuk 2022})
18... Rg8 (18... Rf8 $11) 19. Bg5 (19. Qh5
$14) 19... h6 $11 20. Rfd1 Bxf2+ (20... Rxd1+ $2 21. Rxd1 Bxf2+ 22. Kf1 hxg5 23. Qd7+ Kf8 24. Qc8+ Ke7 25.
Qxg8 $18) 21. Kf1 Qe6 22. Qf3 {[%emt 0:08:46]
Threatening mate with Qa8+.} hxg5 23. Rxd7 {[%emt 0:01:53]
Really sharp!} Qxd7 24. Kxf2 {[%emt 0:01:14] Endgame KQR-KQR}
Qa7+ 25. Kf1 {[%emt 0:00:09] Qc6+ is the strong threat.} Ke7 26. Qf5 Qe3 27. Ra3 Qc1+ 28. Kf2 Rh8 29.
h3 Qxb2 30. Qxg5+ Ke8 31. Rf3 {[%emt 0:01:31] aiming for Qf4.} Qd4+ (31... Rxh3 $2 32. Qxg7 Qd4+ 33. Kg2 $18) 32. Kg2 Qd5 {
[%emt 0:02:37] And now ...Kf8 would win.} 33. Qxg7 Rh5 34. e4 Qe6 $132 {[%emt 0:00:00] Hoping for ...
Qg6. Black has counterplay} (34... Qd2+ $2 35. Rf2 Qxf2+ 36. Kxf2 $18) 35. g4 Rxe5 36. Rf6 ({Don't take} 
36. Rxf7 Qxf7 37. Qxe5+ Kf8 $14) 36... Qe7 37. Ra6 {[%emt 0:
00:59] White has compensation.} Qc7 $2 {[%emt 0:01:41] [#]} (37... Rxe4 $2 38.
Qg8+ Kd7 39. Ra7+ Kd6 40. Qb8+ Kc6 41. Qc8+ Kd5 42. Qa8+ Kd6 43. Rxe7 Rxe7 44.
Qd8+ Rd7 45. Qb6+ Ke7 46. Qxb5 $18) (37... Rc5 $11 38. Qh8+ Kd7 39. Qd4+ Kc8
40. Qh8+ Kd7 41. Qd4+ Kc8 42. Qh8+ Kd7) 38. Ra8+ Ke7 39. Qf8+ Kf6 40. Qh6+ (40. Ra6+ $142 Re6 41. g5+ Ke5 42. Qg7+ Kf4 43. Rxe6) 40... Ke7 $18 41. Qf8+ (41. g5 $142 Kd7 42. Qf6) 41... Kf6 $1 42. Qh6+ $2 {[%emt 0:21:35] Weighted Error Value: White=0.18 
(very precise) / Black=0.21 (precise)} (42. Ra6+ $18 Re6 43. g5+ Ke5 44. Qg7+
Kxe4 45. Rxe6+ Kd3 46. g6) 1/2-1/2

[Event "44th Chess Olympiad Open 2022"]
[Site "Chennai"]
[Date "2022.08.01"]
[Round "4.13"]
[White "Gan-Erdene, Sugar"]
[Black "Urkedal, Frode Olav Olsen"]
[Result "1-0"]
[WhiteElo "2428"]
[BlackElo "2555"]
[Annotator "TA"]
[PlyCount "117"]
[EventDate "2022.??.??"]
[TimeControl "60"]

1. d4 Nf6 2. c4 e6 3. g3 d5 4. Nf3 Bb4+ 5.
Bd2 Be7 6. Bg2 c6 7. Qc2 Nbd7 8. O-O O-O 9. Bf4 a5 10. Nbd2 {
[%emt 0:08:21][%cal Yb1d2,Yd2b3,Yb3c1,Yc1d3,Yd3c5] E08: Closed Catalan: Main
Line: 7 Qc2.} Nh5 11. Be3 f5 12. Nb3 {[%emt 0:01:43] White is slightly better.} Bd6 13. Nc1
{[%emt 0:04:45] [#]} b5 $146 ({Predecessor:} 13... Qe7 14. Nd3
Nhf6 15. Bf4 Ne4 16. Bxd6 Nxd6 17. Nfe5 Ne4 18. Nxd7 Bxd7 19. Ne5 Nd6 {½-½ 
(55) Izzat,K (2326)-Mchedlishvili,M (2652) Baku 2012}) 14. cxb5 cxb5 15. Qc6 Nb6 16. Nd3 Qd7 17. Qxd7 Bxd7 18. Nfe5 Rfd8 19. b3 Ba3 {[%emt 0:00:00] Prevents Rfc1.} (19... Nf6
$142) 20. Bc1 Bd6 21. Nc5 Bc8 22. Bd2 Re8 23. Rfc1 Nf6 24. Nc6 a4 25. Bf4 Bf8 26. e3 Nfd7 (26... Nbd7 $142) 27. Bc7 $36 {[%emt 0:02:00]
White has strong initiative. White is much more active. The black rooks are
badly placed.} b4 (27... Nxc5 $16 {might work better.} 28.
dxc5 Nd7) 28. Bxb6 $18 ({Resist} 28. Nxb4 Nxc5 29. dxc5 axb3
$16) 28... Nxb6 29. Nxb4 {[%emt 0:00:08] Pair of Knights!} Bd7 (29... axb3 $142 30. axb3 Rxa1 31. Rxa1 Re7) 30. Bf1 axb3 31. axb3 Reb8 (
31... Bd6 {was worth a try.} 32. Nba6 Bc8) 32. Nbd3 Bc8 33. Rxa8 Rxa8 34. Nf4 Kf7 {[%emt 0:01:16] [#]} 35. Nfxe6 Bxe6 $16 36. Nxe6 Kxe6 37. Rc6+ Bd6 38. Rxb6 Rb8 {[%emt 0:00:
03] Inhibits Rb7.} 39. Rxb8 Bxb8 {[%emt 0:00:05] Endgame [#]
KB-KB} 40. b4 $1 Bd6 (40...
g5 $16 41. b5 Bc7) 41. b5 $18 Bc7 {[%emt 0:30:06] [#]} 42. h4
$1 g6 43. Bd3 h6 44. g4 h5 $2 (44... fxg4 45. Bxg6 g3)
45. gxf5+ {[%emt 0:00:00] White is clearly winning.} gxf5 46.
Kg2 {[%emt 0:00:00] Be2 is the strong threat.} Bd8 47. Kh3 {
[%emt 0:00:00] Threatens to win with Be2.} Ba5 48. Be2 f4 49. exf4 Bb6 50. Bxh5 Bxd4 51. Kg3 Bb6 52. Be2 Kf6 53. Bd3 Bc7 54. Kg4 Bb6 55. f3 d4 56. h5 Bd8 57. h6 Bc7 58. f5 {[%emt 0:00:00] Intending h7 and mate.} Bd8 59. Kf4 {
[%emt 0:00:00] Weighted Error Value: White=0.15 (very precise) /Black=0.23 
(precise)} 1-0

[Event "44th Chess Olympiad Open 2022"]
[Site "Chennai"]
[Date "2022.08.01"]
[Round "4.14"]
[White "Keymer, Vincent"]
[Black "Baburin, Alexander"]
[Result "1-0"]
[WhiteElo "2686"]
[BlackElo "2400"]
[Annotator "TA"]
[PlyCount "74"]
[EventDate "2022.??.??"]
[TimeControl "60"]

1. d4 d5 2. c4 dxc4 3. Nf3 Nf6 4. e3 e6 5. Bxc4 c5 6. O-O a6 7. Be2 {[%emt 0:07:56] D27:
Queen's Gambit Accepted: Classical main line: 7 e4!? and 7 a4.} Nbd7 8. Nbd2 $5 {[%emt 0:03:33][%cal Yb1d2,Yd2c4,Yc4b6] [#] Leaves trodden
paths.} Be7 $146 ({Predecessor:} 8... b6 9. b3 Bb7 10. Bb2 Be7
11. Nc4 O-O 12. Rc1 Rc8 13. dxc5 Rxc5 14. Bd4 Rc8 {0-1 (57) Andreikin, D (2729)
-Aronian,L (2785) Chess.com INT 2022}) 9. dxc5 {[%emt 0:03:17] The position is
equal.} Nxc5 10. Nc4 O-O 11.
Qxd8 Rxd8 12. Bd2 Bd7 (12... b5 $11 13. Nb6 Rb8) 13. Ba5 $14 Re8 14. Nb6 Rab8 15. Rfd1 {
[%emt 0:12:22] And now b4 would win.} Bc6 16. Rac1 Bd5 17. b4 $1 Nce4 18. Ne5 {[%emt 0:01:57][%cal Yf3e5,Ye5d7,Yd7c5] Prevents Ng4.} Bxa2 (18... Nd6 $1 $14) 19. f3 $1 $16 Nd6 20. e4 $1 Nc8 21. Nbd7 {[%emt 0:07:12] 0x0.
0019ebb278f4dp-1022s more active pieces. The black rooks are badly placed.}
Nxd7 22. Nxd7 (22. Rxd7 $6 Bf6 23. Bc7 (23.
Nxf7 $2 b6 $19) 23... Nb6 24. Bxb6 (24. Bxb8 Rxb8 25. Rcd1 Nxd7 $15) 24... Bxe5
$11) 22... Ra8 23. Ra1 $1 Bb3 24. Rdb1 Bd8 25. Bxd8 Rxd8 26. Nc5 $36 {[%emt 0:00:00] White is really pushing.} Rd2 {
[%emt 0:00:14] [#]} 27. Kf1 {[%emt 0:00:57] White has strong compensation.} ({
But not} 27. Rxb3 $6 Rxe2 28. Nxb7 Nb6 $16) 27... Ba2 {[%emt 0:00:15] [#]} 28.
Rc1 {[%emt 0:00:00] Threatens to win with Ke1.} ({Much less strong is} 28. Rd1
Rxd1+ 29. Rxd1 Nb6 $16) 28... Nb6 29. Ke1 Rb2 30. Nd3 Rxe2+ 31. Kxe2 Bc4 32. Ke3 Bb5 33. Nc5 Nc4+ 34. Kf2 b6
$2 {[%emt 0:00:00] [#] Black cannot hold the game after this.} (34... Rb8 $16
35. Nb3 Rd8) 35. Nxa6 $1 $18 {[%emt 0:02:53] White has a decisive advantage.}
Rxa6 36. Rxa6 Bxa6 37. Ra1 h6 {[%emt 0:01:45] Weighted Error Value: White=0.03 (flawless)
/Black=0.19 (very precise)} (37... Bb7 $142 38. Ra7 Bxe4) 1-0

[Event "44th Chess Olympiad Open 2022"]
[Site "Chennai"]
[Date "2022.08.01"]
[Round "4.14"]
[White "Svane, Rasmus"]
[Black "Kanyamarala, Tarun"]
[Result "1/2-1/2"]
[WhiteElo "2649"]
[BlackElo "2379"]
[Annotator "TA"]
[PlyCount "88"]
[EventDate "2022.??.??"]
[TimeControl "60"]

1. Nf3 d5 2. g3 Nc6 3. d4 Bf5 4. Bg2 Nb4 5. Na3 e6 6. O-O Nf6 7. c3 {[%emt 0:01:25] D02:1
d4 d5 2 Nf3 sidelines, including 2...Nf6 3 g3 and 2...Nf6 3 Bf4.} Nc6 8. Qb3 a6 9. Bg5 {[%emt 0:04:31]
White is slightly better.} (9. Qxb7 $2 Na5 10. Qxa8 Qxa8 $19) 9... Rb8 10. Nh4 {[%emt 0:06:17] [#]} Bg4 $146 ({
Predecessor:} 10... Bg6 11. Nxg6 hxg6 12. Nb1 Be7 13. Nd2 Ng4 14. Bxe7 Nxe7 15.
h3 Nf6 16. Rfe1 c6 17. e4 Qc7 18. Rad1 {1-0 (18) Frost,L (2184)-Phillips,P 
(1842) IECG email 2000}) 11. f3 {[%emt 0:17:28] aiming for Bxf6.} Bh5 12. e4 Be7 13. Rae1 {[%emt 0:15:08]
Black must now prevent Bxf6.} O-O 14. g4 h6 15. Bc1 Nd7 16. Nf5 exf5 17. gxh5 dxe4 18. fxe4 fxe4 19. Rxe4 Bg5 {[%emt 0:01:36] Against Ref4} 20. Bxg5 Qxg5 21. Ref4 Nf6 22. Rf5 Qh4 23. Nc4 Ne7 (23... Ng4 24. h3 Nf6 25. Ne5 $16) 24. R5f4 Qxh5 25. Ne5 Rbd8 26. Qxb7 Ned5 27. Rf5 Qe2 {[%emt 0:00:
08] [#]} (27... Qh4 $1 $11) 28. R5f2 $1 $16 {[%emt 0:00:41] Active counter
play!} Qe3 29. Qxa6 c5 30.
Nc4 (30. Kh1 $14) 30... Qg5 $11 31. Rf5 (31. dxc5 Ng4 32. Rf3 (32. Rd2 $2 Nde3 $19) 32... Nde3 33. Nxe3
Nxe3 $11) 31... Qh4 32. Qb7 $2 {[%emt 0:01:35] [#]} (32. dxc5
{[#]} Ng4 $1 33. h3 Nge3 34. Rxd5 (34. Nxe3 Nxe3 35. R5f2 Nxf1 $17) 34... Nxf1
35. Rxd8 (35. Kxf1 $2 Rfe8 $19) 35... Rxd8 $17) (32. R5f3 $1 $11) 32... cxd4 $1
$19 33. Bxd5 Nxd5 34. Rxd5 Qg4+ 35. Kf2 {[%emt 0:00:09] Hoping for Rxd8.}
Qf4+ (35... dxc3 $19 36. Ne3 Qh3 37. Rxd8 Rxd8) 36. Kg1 $17 Qg4+ 37. Kf2 Rde8 (37... dxc3 $17 38. Ne3 Qh3 39. Rxd8 Rxd8) 38. Re5 $11 {[%emt 0:01:14]
Threatens to win with Qf3.} dxc3 $40 {[%emt 0:00:00] White needs to defend
precisely.} 39. Qb5 $2 ({Avoid the trap} 39. Qd5 $2 c2 40.
Rxe8 Rxe8 $19) (39. Rxe8 $1 $11 Rxe8 40. Ne5 Qd4+ 41. Kg2 Rxe5 42. Qxf7+ Kh7
43. bxc3 Qxc3 44. Kh1) 39... Rb8 {[%emt 0:00:32] Deflection} 40. Qd5 cxb2 41. Rb1 Qf4+ 42. Kg2 Qg4+ 43. Kf2 $1 ({
Wrong is} 43. Kh1 $2 Rfc8 44. Qe4 (44. Re4 $2 Qf3+ 45. Kg1 Kh7 $19) 44... Rxc4
45. Qxg4 Rxg4 $19) 43... Qf4+ {[%emt 0:00:13] Black has strong compensation.}
44. Kg2 $1 Qg4+ $2 {[%emt 0:00:15] Weighted Error Value:
White=0.22 (precise) /Black=0.31} (44... Rfd8 $19 45. Qe4 Qc1) 1/2-1/2

[Event "44th Chess Olympiad Open 2022"]
[Site "Chennai"]
[Date "2022.08.01"]
[Round "4.14"]
[White "Murphy, Conor E"]
[Black "Bluebaum, Matthias"]
[Result "1-0"]
[WhiteElo "2404"]
[BlackElo "2673"]
[Annotator "TA"]
[PlyCount "117"]
[EventDate "2022.??.??"]
[TimeControl "60"]

1. e4 {[%emt 0:00:
00] ChessBase II} c6 2. Nf3 d5 3. Nc3 dxe4 4. Nxe4 Nf6 5. Qe2 Nxe4 6. Qxe4 Nd7 {[%emt 0:00:04] B11: Caro-Kann: Two Knights Variation.} 7.
Bc4 Nf6 {[%emt 0:00:10] [#]} 8. Ne5 $1 e6 {[%emt 0:00:08] White has an edge.} 9. Qe2 b5 10. Bd3 (10. Nxc6 Qc7 11. Bd3 (11. Bxb5
a6 $17) 11... a6 $15) 10... Qc7 11. a4 Bd6 {
[%emt 0:01:00] [#]} 12. Nxc6 b4 (12... Qxc6
$2 13. Bxb5 Qd7 14. Bxd7+ $18) 13. Nd4 $1 a6 {[%emt 0:00:05]
Against Nb5} 14. Nf5 $1 Be5 15. Nxg7+ Kf8 16. Nh5 Nxh5 17. Qxh5 Bb7 {[%emt 0:00:02] [#] Inhibits Be4.} 18. Qh4
$146 ({Predecessor:} 18. Be2 Bxg2 19. Rg1 Rg8 20. d4 Bxh2 21.
Qh6+ Ke8 22. Qxh7 Ke7 23. Bh5 Raf8 24. Bxf7 {½-½ (43) Ragger,M (2682)
-Donchenko,A (2595) Brest 2019 CBM 190 Extra [ChessBase II]}) 18... Bxg2 19. Rg1 $36 {[%emt 0:05:16] White is more active.} (19. Qxb4+
$2 Bd6 20. Qc3 (20. Qd4 $2 e5 $19) 20... Qxc3 21. dxc3 Bxh1 $19) 19... Rg8 (19... Bd5 $11) 20. Bxh7 $16 (20. Qxh7 $2 Rh8 21. Qxh8+ Bxh8 22. Rxg2 Rd8 $19) (20. Qxb4+ $6 Bd6 21.
Qc3 Qxc3 22. bxc3 Bxh2 23. Ba3+ Ke8 24. Bxh7 Rg7 25. Rxg2 Rxg2 $11) 20... Bxh2
{[%emt 0:04:42] [#]} 21. d4 {[%emt 0:08:06] Prevents Qe5+.} Bxg1 22. Bh6+ Ke8 23. Bxg8 Qxc2 (23... Qh2 $16 24. Qf6 Bxf2+ 25. Qxf2 Qh1+ 26. Ke2 Qh5+
27. Kd3 (27. Ke1 Qh1+ 28. Ke2 Qh5+ 29. Kd3 Qg6+ 30. Kc4 Bd5+ 31. Kxb4 e5 $11)
27... Qg6+ 28. Kc4 Bd5+ 29. Kxb4 e5) 24. Qf6 $1 $18 Qf5 25. Bxf7+ $1 Kd7 26. Qxf5 {
[%emt 0:01:26] Really sharp!} exf5 27. Bf4 (
27. d5 $1 $18 {aiming for Be6+.} Bh2 28. Rc1) 27... Rf8 (27...
Rh8 $16) 28. Ke2 $2 Rxf7 29. Rxg1 $14 {
[%emt 0:00:06] Endgame KRB-KRB} Rg7 {[%emt 0:05:44][%cal Yg2f3] ...Bf3+! is
the strong threat.} 30. Ke3 {[%emt 0:01:43] Inhibits Bf3. Hoping for f3.} Rg4 31. Rc1 Bc6 32. a5 $1 Rh4 33. Rc5 Rh1 34. d5 Bb5 35. Be5 Rh4 36. Rc7+ Kd8 (36... Ke8 $16)
37. f3 $18 Rh1 $2 (37... Rc4 {keeps fighting.
} 38. Rf7 Bd7) 38. d6 {[%emt 0:00:33] And now Bf6+ would win.} Rd1 (38... Re1+ $142 39. Kf4 Bd7) 39. Kf4 Rd3 40. Bf6+ (40. Kg5 $142 Bd7 41. f4) 40... Ke8 {[%emt 0:00:01]
[#]} 41. Be5 (41. Kxf5 Rxd6 42. Re7+ Kf8 $16) (41. Ke5 $1 $18 ) 41... Bd7 (41... Kd8 $1 $11 42. Ra7 (42. Kxf5
Rxf3+ 43. Ke6 Re3 $18) 42... Ke8 43. Re7+ (43. Kxf5 Rxf3+ 44. Bf4 Rd3 $18)
43... Kd8) 42. Ra7 {[%emt 0:05:59] Black must now prevent Kg5.} Bb5 $2 (42... Rd5 {is a better chance.} 43. Rxa6 Kf7) 43. Re7+ Kd8 44. Rg7 Ke8 45. Rg3 (45. Kxf5 Rxf3+ 46. Bf4 Bd7+ 47. Ke5 Rf2 $16)
45... Bd7 $2 (45... Bc6 {is tougher.} 46. Rg8+ (46. Kxf5 Rxf3+
47. Rxf3 Bxf3 $14) 46... Kf7 47. Rg7+ Ke6 48. Re7+ Kd5) 46. Rg8+ Kf7 47. Rg7+ Ke8 {[%emt 0:00:03] [#]}
48. Kg5 $1 Rxf3 (48... f4 $142 49. Kf6 (49.
Bxf4 Rxf3 50. Re7+ Kd8 $16) (49. Kxf4 Rd5 $18) 49... Bb5 50. Re7+ Kd8) 49. Kf6 Bb5 50. Bd4 Kd8 51. Bb6+ Kc8 52. Rc7+ Kb8 53. d7 Bxd7 54. Rxd7 {[%emt 0:00:01] KRB-KR} Rb3 55. Rd2 Kb7 56. Rc2 {[%emt 0:00:02] White is clearly winning.}
Rf3 57. Ke5 {[%emt 0:00:29] Intending Rc7+ and mate.} f4 58. Kd5 (58. Rc7+ $142 Kb8 59. Rf7) 58... Rd3+ 59. Kc4 {[%emt 0:01:37] Weighted Error Value: White=0.21 
(precise) /Black=0.53} 1-0